 Dungeon Crawl Stone Soup version 0.19-a0-675-gf8984cf (webtiles) character file.

18750 Duffy the Geomancer (level 12, -8/75 HPs)
             Began as a Gargoyle Earth Elementalist on June 16, 2016.
             Was the Champion of Cheibriados.
             Mangled by a catoblepas (14 damage)
             ... on level 3 of the Lair of Beasts.
             The game lasted 00:27:21 (16817 turns).

Duffy the Geomancer (Gargoyle Earth Elementalist)  Turns: 16817, Time: 00:27:22

Health: -8/75      AC: 16    Str: 27    XL:     12   Next: 61%
Magic:  20/23      EV: 19    Int: 36    God:    Cheibriados [******]
Gold:   337        SH:  0    Dex: 27    Spells: 6 memorised, 4 levels left

rFire  . . .     SeeInvis +     N - +8 dagger (elec)
rCold  . . .     Gourm    .     h - +2 leather armour of Instinct {SInv}
rNeg   + + .     Faith    .     (no shield)
rPois  ∞         Spirit   .     (no helmet)
rElec  +         Dismiss  .     Y - +0 cloak
rCorr  .         Reflect  .     A - +1 pair of gloves
SustAt .         Harm     .     (no boots)
MR     .....                    K - amulet of regeneration
Stlth  +++.......               o - ring of positive energy
                                g - ring of Kifewuch {rElec Dex+2 Slay+1}

@: very slow, not resistant to hostile enchantments, fairly stealthy
A: negative energy resistance 1, electricity resistance, unbreathing,
petrification resistance, rot immunity, AC +8
a: Bend Time, Temporal Distortion, Slouch, Step From Time, Renounce Religion


You were on level 3 of the Lair of Beasts.
You worshipped Cheibriados.
Cheibriados was exalted by your worship.
You were not hungry.

You visited 3 branches of the dungeon, and saw 14 of its levels.
You also visited: Ossuary.

You collected 644 gold pieces.
You spent 307 gold pieces at shops.


Innate Abilities, Weirdness & Mutations

You are resistant to torment.
Your stone body is resilient. (AC +8)
You are immune to poison.
You resist negative energy. (rN+)
You are resistant to electric shocks. (rElec)
You can survive without breathing.
You are immune to petrification.
You are immune to rotting.


   Skills:
 - Level 8.5 Fighting
 - Level 4.0 Short Blades
 - Level 7.2 Dodging
 - Level 2.2 Stealth
 + Level 7.8 Spellcasting
 + Level 7.5 Conjurations
 - Level 1.2 Transmutations
 + Level 2.8 Fire Magic
 - Level 10.0 Earth Magic
 - Level 10.0 Invocations


You had 4 spell levels left.
You knew the following spells:

 Your Spells              Type           Power        Failure   Level  Hunger
a - Sandblast             Erth           ######       1%          1    None
b - Lee's Rapid Deconstr  Erth           ######....   1%          5    ###....
c - Stone Arrow           Conj/Erth      ######       1%          3    None
k - Fireball              Conj/Fire      ######....   12%         5    ###....
n - Bolt of Fire          Conj/Fire      ######....   65%         6    #####..
p - Passwall              Tmut/Erth      ######....   1%          2    None

Inventory:

Hand Weapons
 k - a +2 dagger of venom
 M - a +0 blowgun
 N - a +8 dagger of electrocution (weapon)
Missiles
 b - 309 stones (quivered)
 r - 17 poisoned needles
Armour
 h - the +2 leather armour of Instinct (worn) {SInv}

   It lets you see invisible.
 A - a +1 pair of gloves (worn)
 Y - a +0 cloak (worn)
Magical Staves
 R - an uncursed staff of earth
Jewellery
 g - the ring of Kifewuch (left hand) {rElec Dex+2 Slay+1}

   [ring of slaying]

   It affects your dexterity (+2).
   It affects your accuracy and damage with ranged weapons and melee attacks
   (+1).
   It insulates you from electricity.
 o - a ring of positive energy (right hand)
 G - an uncursed ring of see invisible
 K - an amulet of regeneration (around neck)
 T - an uncursed ring of protection from cold
Wands
 x - a wand of acid (4/15)
 O - a wand of disintegration (4/24)
 X - a wand of iceblast (7/15)
 Z - a wand of teleportation (1/9)
Scrolls
 a - 7 scrolls of remove curse
 f - 4 scrolls of enchant armour
 i - 6 scrolls of teleportation
 n - 3 scrolls of blinking
 s - a scroll of silence
 w - a scroll of enchant weapon
 z - 6 scrolls of magic mapping
 E - a scroll of immolation {unknown}
 F - 2 scrolls of fear {unknown}
 J - 2 scrolls of summoning {unknown}
 P - a scroll of amnesia
Potions
 l - 2 potions of ambrosia {unknown}
 m - 4 potions of flight
 t - a potion of invisibility
 u - 3 potions of might {unknown}
 v - 3 potions of mutation {unknown}
 B - 3 potions of curing
 C - 4 potions of brilliance {unknown}
 D - a potion of agility
 V - 3 potions of magic
Books
 c - a book of Misfortune
 e - a book of Geomancy
 y - a book of Fire
Miscellaneous
 Q - a fan of gales
Comestibles
 d - 9 bread rations
 j - 8 meat rations
 p - 2 chunks of flesh
 q - 2 beef jerkies
 H - 5 slices of pizza
 I - 18 fruits
 W - 12 royal jellies

Dungeon Overview and Level Annotations

Branches:
Dungeon (10/15)            Temple (1/1) D:6            Lair (3/6) D:9
  Swamp (0/4) Lair:2        Snake (0/4) Lair:2          Orc (0/2) D:9

Altars:
Ashenzari
Cheibriados
Dithmenos
Elyvilon
Fedhas
Gozag
Hepliaklqana
Kikubaaqudgha
Makhleb
Nemelex Xobeh
Okawaru
Pakellas
Qazlal
Ru
Sif Muna
Trog
Uskayaw
Vehumet
Xom
Yredelemnul
Zin
The Shining One

Shops:
D:4 *   D:5 =   D:8 *   D:9 *(


Message History

You hit the catoblepas.
The catoblepas is lightly wounded.
The catoblepas gores you.
You hit the catoblepas.
The catoblepas is lightly wounded.
You hit the catoblepas.
The catoblepas is lightly wounded.
The catoblepas completely misses you.
You puncture the catoblepas!
The catoblepas is moderately wounded.
The catoblepas closely misses you.
You hit the catoblepas.
The catoblepas is moderately wounded.
The catoblepas breathes a plume of calcifying dust at you.
The blast of calcifying dust hits you!
You puncture the catoblepas!
The catoblepas is moderately wounded.
The catoblepas gores you!!
You are too injured to fight recklessly!
You are too injured to fight recklessly!
You are too injured to fight recklessly!
You are too injured to fight recklessly!
You are too injured to fight recklessly!
You are too injured to fight recklessly!
You are too injured to fight recklessly!
You are too injured to fight recklessly!
You are too injured to fight recklessly!
You are too injured to fight recklessly!
You are too injured to fight recklessly!
You are too injured to fight recklessly!
You are too injured to fight recklessly!
You are too injured to fight recklessly!
You are too injured to fight recklessly!
You are too injured to fight recklessly!
You are too injured to fight recklessly!
You are too injured to fight recklessly!
You are too injured to fight recklessly!
You are too injured to fight recklessly!
You are too injured to fight recklessly!
You are too injured to fight recklessly!
You are too injured to fight recklessly!
You are too injured to fight recklessly!
Cast which spell? (? or * to list)
Aiming: Stone Arrow
Press: ? - help, Shift-Dir - straight line, f - catoblepas
Aim: a catoblepas (moderately wounded)
The stone arrow hits the catoblepas.
The catoblepas is heavily wounded.
The catoblepas gores you!
You die...

# ##.## ##### #
.#....###...#..##
........@Y.......
#.......0##..##
#....##0.# ##..#
#..# #.#.# ##.#
###.###..###
#P..##....##
##.#...../.#
##..........#


You could see a catoblepas.

Action                   |  1- 3 |  4- 6 |  7- 9 | 10-12 || total
-------------------------+-------+-------+-------+-------++-------
Melee: Unarmed           |     2 |       |       |       ||     2
       Whip              |    36 |       |       |       ||    36
       Dagger            |    22 |   210 |   527 |   728 ||  1487
 Cast: Sandblast         |    20 |    17 |    44 |       ||    81
       Stone Arrow       |       |       |     4 |     7 ||    11
Evoke: Wand              |       |       |     2 |       ||     2
  Use: Scroll            |       |       |     1 |    18 ||    19
 Stab: Sleeping          |     1 |     4 |     6 |     7 ||    18
       Distracted        |       |       |     3 |     2 ||     5
  Eat: Chunk             |     1 |     6 |    13 |    12 ||    32
       Fruit             |       |     2 |       |       ||     2
       Beef jerky        |       |       |     2 |       ||     2
Armor: Robe              |    26 |    95 |   163 |       ||   284
       Leather armour    |       |       |    35 |   245 ||   280
Dodge: Dodged            |    49 |   169 |   344 |   707 ||  1269

Notes
Turn   | Place    | Note
--------------------------------------------------------------
     0 | D:1      | Duffy the Gargoyle Earth Elementalist began the quest for the Orb.
     0 | D:1      | Reached XP level 1. HP: 10/10 MP: 3/3
   197 | D:1      | Reached skill level 4 in Earth Magic
   197 | D:1      | Reached XP level 2. HP: 4/15 MP: 0/5
   201 | D:1      | Learned a level 2 spell: Passwall
  1027 | D:2      | Reached XP level 3. HP: 17/19 MP: 6/6
  1284 | D:2      | Noticed Jessica
  1290 | D:2      | Killed Jessica
  1290 | D:2      | Reached skill level 1 in Fighting
  1290 | D:2      | Reached XP level 4. HP: 26/26 MP: 8/8
  1338 | D:2      | Reached skill level 2 in Fighting
  2176 | D:3      | Reached skill level 3 in Fighting
  2300 | D:3      | Learned a level 3 spell: Stone Arrow
  2375 | D:3      | Reached XP level 5. HP: 31/32 MP: 9/9
  2378 | D:3      | Reached skill level 3 in Spellcasting
  2400 | D:3      | Found a hide-covered altar of Uskayaw.
  2431 | D:3      | Reached skill level 5 in Earth Magic
  2618 | D:4      | Noticed tstbtto's ghost (novice CeBe)
  2774 | D:5      | Entered Level 5 of the Dungeon
  2845 | D:5      | Reached XP level 6. HP: 36/37 MP: 8/11
  2856 | D:5      | Reached skill level 4 in Spellcasting
  2856 | D:5      | Reached skill level 6 in Earth Magic
  2891 | D:5      | Found Dootut's Jewellery Shop.
  3202 | D:5      | Found a sand-covered staircase.
  3209 | Ossuary  | Entered an ossuary
  3565 | Ossuary  | Reached XP level 7. HP: 41/41 MP: 7/13
  4309 | D:5      | Reached skill level 5 in Spellcasting
  4309 | D:5      | Reached skill level 7 in Earth Magic
  4480 | D:5      | Found a sparkling altar of Nemelex Xobeh.
  4480 | D:5      | Found a glowing silver altar of Zin.
  4481 | D:5      | Found a radiant altar of Vehumet.
  4864 | D:6      | Found a stormy altar of Qazlal.
  4866 | D:6      | Noticed an air elemental
  4866 | D:6      | Noticed a water elemental
  4867 | D:6      | Noticed a fire elemental
  5218 | D:6      | Reached XP level 8. HP: 44/46 MP: 16/16
  5250 | D:6      | Reached skill level 8 in Earth Magic
  5255 | D:6      | Found a staircase to the Ecumenical Temple.
  5264 | Temple   | Entered the Ecumenical Temple
  5401 | Temple   | Became a worshipper of Cheibriados the Contemplative
  5441 | D:6      | Reached skill level 6 in Spellcasting
  5561 | D:5      | Reached skill level 1 in Conjurations
  5729 | D:5      | Reached skill level 2 in Conjurations
  6002 | D:5      | Reached skill level 9 in Earth Magic
  6225 | D:5      | Reached skill level 3 in Conjurations
  6419 | D:4      | Found an oddly glowing altar of Pakellas.
  6642 | D:4      | Reached * piety under Cheibriados
  6664 | D:4      | Killed tstbtto's ghost
  6664 | D:4      | Reached skill level 4 in Conjurations
  6664 | D:4      | Reached XP level 9. HP: 41/50 MP: 15/18
  6811 | D:4      | Reached skill level 5 in Conjurations
  6939 | D:5      | Reached skill level 10 in Earth Magic
  6943 | D:5      | Reached skill level 1 in Transmutations
  7489 | D:1      | Reached ** piety under Cheibriados
  8181 | D:4      | Found Qoqaogru's Assorted Antiques.
  8184 | D:4      | Bought a scroll labeled SOQAGARHARCH for 23 gold pieces
  8184 | D:4      | Bought a scroll labeled CYOLIX MOIQO for 23 gold pieces
  8184 | D:4      | Bought a scroll labeled DOM TORICOR for 23 gold pieces
  8463 | D:6      | Found a hazy altar of Hepliaklqana.
  8502 | D:6      | Noticed Pikel
  8519 | D:6      | Killed Pikel
  8519 | D:6      | Reached skill level 4 in Fighting
  8519 | D:6      | Reached skill level 2 in Dodging
  8833 | D:7      | Reached skill level 3 in Dodging
  8980 | D:7      | Got a jewelled leather armour
  8991 | D:7      | Identified the +2 leather armour of Instinct {SInv} (You found it on level 7 of the Dungeon)
  9032 | D:7      | Reached skill level 5 in Fighting
  9372 | D:7      | Reached *** piety under Cheibriados
  9408 | D:7      | Reached skill level 4 in Dodging
  9539 | D:7      | Reached skill level 6 in Fighting
 10071 | D:7      | Noticed Duvessa
 10079 | D:7      | Noticed Dowan
 10088 | D:7      | Killed Duvessa
 10088 | D:7      | Reached XP level 10. HP: 43/61 MP: 19/19
 10111 | D:7      | Killed Dowan
 10323 | D:7      | Reached skill level 5 in Dodging
 10698 | D:7      | Reached skill level 1 in Short Blades
 10873 | D:8      | Found Fifudd's Assorted Antiques.
 10880 | D:8      | Reached **** piety under Cheibriados
 10880 | D:8      | Reached skill level 7 in Fighting
 11034 | D:8      | Bought a scroll labeled ILUAMO PYHIESM for 23 gold pieces
 11034 | D:8      | Bought a scroll labeled XAOR UTIAXASCH for 23 gold pieces
 11034 | D:8      | Bought a fizzy ruby potion for 20 gold pieces
 11034 | D:8      | Bought a scroll labeled RIUMETH HUUDYT for 23 gold pieces
 11034 | D:8      | Bought a pair of embroidered boots for 103 gold pieces
 11034 | D:8      | Bought a grey potion for 20 gold pieces
 11193 | D:8      | Reached skill level 2 in Short Blades
 11223 | D:8      | Noticed Joseph
 11233 | D:8      | Killed Joseph
 11425 | D:8      | Noticed Psyche
 11433 | D:8      | Learned a level 5 spell: Lee's Rapid Deconstruction
 11442 | D:8      | Killed Psyche
 11442 | D:8      | Reached skill level 8 in Fighting
 11442 | D:8      | Reached skill level 6 in Dodging
 11559 | D:8      | Found a sacrificial altar of Ru.
 11740 | D:9      | Reached ***** piety under Cheibriados
 11743 | D:9      | Reached skill level 3 in Short Blades
 11843 | D:9      | Noticed a spiny frog
 11856 | D:9      | Killed a spiny frog
 11872 | D:9      | Found a staircase to the Lair.
 12116 | D:9      | Reached skill level 4 in Short Blades
 12118 | D:9      | Reached XP level 11. HP: 68/69 MP: 20/20
 12216 | D:9      | Found Qutwog's General Store.
 12231 | D:9      | Bought a scroll of identify for 26 gold pieces
 12358 | D:9      | Found Ysovarph's Weapon Shop.
 12358 | D:9      | Found a staircase to the Orcish Mines.
 12366 | D:9      | Reached skill level 1 in Invocations
 12404 | D:9      | Noticed a red ugly thing
 12452 | D:9      | Found an ancient bone altar of Kikubaaqudgha.
 12601 | D:9      | Reached skill level 2 in Invocations
 12961 | D:10     | Entered Level 10 of the Dungeon
 12983 | D:10     | Reached skill level 7 in Dodging
 13143 | D:10     | Reached skill level 3 in Invocations
 13379 | D:10     | Reached skill level 4 in Invocations
 13587 | D:10     | Reached skill level 5 in Invocations
 13824 | Lair:1   | Entered Level 1 of the Lair of Beasts
 14044 | Lair:1   | Reached skill level 6 in Invocations
 14122 | Lair:1   | Reached ****** piety under Cheibriados
 14218 | Lair:1   | Reached skill level 7 in Invocations
 14589 | Lair:1   | Reached skill level 8 in Invocations
 14893 | Lair:1   | Reached skill level 9 in Invocations
 14911 | Lair:1   | Noticed a six-headed hydra
 14925 | Lair:1   | Killed a six-headed hydra
 15129 | Lair:1   | Reached skill level 10 in Invocations
 15129 | Lair:1   | Reached XP level 12. HP: 72/75 MP: 21/21
 15410 | Lair:2   | Found a staircase to the Swamp.
 15412 | Lair:2   | Found a staircase to the Snake Pit.
 15477 | Lair:2   | Reached skill level 6 in Conjurations
 15627 | Lair:2   | Reached skill level 7 in Spellcasting
 15900 | Lair:2   | Learned a level 6 spell: Bolt of Fire
 15906 | Lair:2   | Learned a level 5 spell: Fireball
 15984 | Lair:2   | Got a glittering steel ring
 15986 | Lair:2   | Identified the ring of Kifewuch {rElec Dex+2 Slay+1} (You found it on level 2 of the Lair of Beasts)
 15993 | Lair:2   | Noticed Erica
 16006 | Lair:2   | Killed Erica
 16006 | Lair:2   | Reached skill level 7 in Conjurations
 16006 | Lair:2   | Reached skill level 1 in Fire Magic
 16226 | Lair:2   | Reached skill level 2 in Fire Magic
 16806 | Lair:3   | Noticed a catoblepas
 16817 | Lair:3   | Mangled by a catoblepas

Skill      XL: |  1  2  3  4  5  6  7  8  9 10 11 12 |
---------------+-------------------------------------+-----
Earth Magic    | 4 5 6 7 9 10 | 10.0
Fighting       | 1 3 6 8 |  8.5
Spellcasting   | 3 4 5 6 7 |  7.8
Conjurations   | 4 5 7 |  7.5
Transmutations | 1 |  1.2
Dodging        | 4 6 7 |  7.2
Short Blades   | 4 |  4.0
Invocations    | 10 | 10.0
Fire Magic     | 2 |  2.8
Stealth        | |  2.2

Vault maps used:
D:1:      matt_arrival_spirals, serial_forest, infiniplex_forest_lined_room_2,
          infiniplex_forest_clump_long, infiniplex_forest_lined_corner,
          infiniplex_forest_clump_double, infiniplex_forest_diagonal
D:2:      grunt_decor_fettered, grunt_ministairs_5, uniq_jessica
D:3:      eat_drink_and_be_merry_uskayaw
D:4:      nicolae_overflow_hidden_temple, first_bread, serial_shops,
          kennysheep_mini, hangedman_glass_teeth
D:5:      kennysheep_spiral_hall, gammafunk_temple_overflow_claw, serial_shops,
          nicolae_shop_statue_plus, chequers_ossuary_entry_cave
D:6:      nicolae_overflow_crystal_walls, temple_hall, nrook_mini_backslash,
          nicolae_qazlal_style_of_elements, uniq_pikel
D:7:      serial_curves, eino_curves_02, eino_curves_04, uniq_duvessa
D:8:      kennysheep_little_box, serial_shops, shop,
          hangedman_little_slice_of_home, uniq_joseph, uniq_psyche
D:9:      lemuel_zombie_altar_kikubaaqudgha, dpeg_lair_monsters, orc_0_dummy,
          serial_shops, shop_coins, nicolae_shop_stone, minivault_25,
          minmay_tree_intersection, hex_tiny, dk_noncrumbling_4,
          onia_ninara_dug_in_and_dangerous
D:10:     minmay_misc_feat_room
Temple:   water_room_temple_a_12
Lair:1:   grunt_megastairs_3, infiniplex_staircase_pool, lemuel_fruit_fields
Lair:2:   swamp_mist, minmay_snake_entry_six_corridors, uniq_erica
Ossuary:  ossuary_tomb_1

Vanquished Creatures
  A hydra Erica Pikel Joseph
  5 spiny frogs
  The ghost of tstbtto the Chopper, a novice CeBe of Trog
  5 black mambas Psyche
  4 komodo dragons
  A troll
  A two-headed ogre
  9 blink frogs
  8 yaks
  2 basilisks
  4 hippogriffs
  A soldier ant
  9 water moccasins Duvessa
  7 porcupines
  5 orc warriors
  5 sky beasts
  A black bear
  4 slaves
  An ogre
  A phantom
  6 centaurs
  6 crocodiles
  2 big kobolds
  8 giant frogs Dowan
  A scorpion
  18 killer bees
  An electric eel
  3 wights
  2 howler monkeys
  3 crimson imps
  A quasit
  6 jellies
  5 hounds
  3 human zombies
  A gnoll shaman
  5 orc priests
  A giant frog skeleton Jessica
  9 iguanas
  10 orc wizards
  10 worker ants
  A hound zombie
  A hound skeleton
  2 mummies
  6 gnolls
  18 adders
  14 river rats
  7 oozes
  6 adder zombies
  2 worms
  2 dart slugs
  2 giant geckos
  44 orcs
  A bat zombie
  4 giant cockroaches
  8 goblins
  8 hobgoblins
  26 jackals
  5 quokkas
  5 ball pythons
  11 bats
  2 giant newts
  A goblin zombie
  10 hobgoblin zombies
  2 jackal zombies
  15 kobolds
  5 kobold zombies
  11 orc zombies
  A quokka skeleton
  3 quokka zombies
  10 rats
  5 fungi
  2 plants
423 creatures vanquished.
